 Dungeon Crawl Stone Soup version 0.29-a0-775-g4d7333d4e2 (webtiles) character file.

Game seed: 14529658585673536602

17 crusatyr the Chopper (level 2, 26/26 HPs)
             Began as a Hill Orc Monk on July 2, 2022.
             Was a Believer of Makhleb.
             Quit the game on level 1 of the Dungeon.
             The game lasted 00:01:24 (593 turns).

crusatyr the Chopper (Hill Orc Monk)                 Turns: 593, Time: 00:01:25

Health: 26/26      AC:  2    Str: 13    XL:     2   Next: 62%
Magic:  2/2        EV: 12    Int: 10    God:    Makhleb [**....]
Gold:   0          SH:  0    Dex: 13    Spells: 1/1 levels left

rFire   . . .      SeeInvis .   a - +0 hand axe
rCold   . . .      Faith    .   (no shield)
rNeg    . . .      Spirit   .   b - +0 robe
rPois   .          Reflect  .   (no helmet)
rElec   .          Harm     .   (no cloak)
rCorr   .          Rampage  .   (no gloves)
Will    +....                   (no boots)
Stlth   ++........              (no amulet)
HPRegen 0.08/turn               f - ring of willpower
MPRegen 0.08/turn               (no ring)

@: no status effects
A: no striking features
a: Renounce Religion, Minor Destruction


You were on level 1 of the Dungeon.
You worshipped Makhleb.
Makhleb was pleased with you.
You visited 1 branch of the dungeon, and saw 1 of its levels.

Inventory:

Hand Weapons
 a - a +0 hand axe (weapon)
Armour
 b - a +0 robe (worn)
Jewellery
 f - a ring of willpower (left hand)
Scrolls
 d - a scroll of identify {unknown}
 e - a scroll of blinking {unknown}
Potions
 c - a potion of ambrosia


   Skills:
 - Level 3.6 Fighting
 + Level 5.0 Axes
 - Level 2.4 Dodging
 - Level 1.5 Stealth
 + Level 1.1 Invocations


You had one spell level left.
You didn't know any spells.
Your spell library was empty.

Dungeon Overview and Level Annotations

Branches:
Dungeon (1/15)

Altars:
Makhleb


Message History

The jackal closely misses you.
You hit the jackal but do no damage.
The jackal is almost dead.
The jackal bites you. The jackal misses you.
You hit the jackal.
You kill the jackal!
Makhleb accepts your kill.
You feel better.
An endoplasm comes into view.
An endoplasm is nearby!
An endoplasm is nearby!
An endoplasm is nearby!
There is a stone staircase leading down here.
You catch the helpless endoplasm completely off-guard!
You slash the endoplasm!
You kill the endoplasm!
Makhleb accepts your kill.
Your Invocations skill increases to level 1!
Found a glaive.
You see here a +0 glaive.
A hobgoblin comes into view.
A hobgoblin is nearby!
You see here a ring of willpower.
f - a ring of willpower
f - a ring of willpower (left hand) Unknown command.
The hobgoblin completely misses you.
You hit the hobgoblin but do no damage. The hobgoblin closely misses you.
You hit the hobgoblin.
You kill the hobgoblin!
Makhleb accepts your kill.
Your Axes skill increases to level 5!
No target in view!
Save game and exit? [Y]es or [N]o only, please.
Save game and exit?
Welcome back, crusatyr the Hill Orc Monk.
Blood and souls for Makhleb!
Press ? for a list of commands and other information.
Are you sure you want to abandon this character and quit the game? (Confirm with "yes".)

..# ### .# #. ##.. .#
#.# #.# #. #.. .# .#
..###.####. ..###..
#.#.##... ...#.......
#.#.##..# #.......#.. .
#.#.##..# #...#.....#
.###.#.##..# #..###...##
..#....##..# #.@#..#..#
....#......#####........
..#....###..)....#######
.......# #########
####.### ####.# .....#
######


There were no monsters in sight!

Vanquished Creatures
  A dart slug (D:1)
  A bat (D:1)
  2 endoplasms (D:1)
  2 hobgoblins (D:1)
  4 jackals (D:1)
  A quokka (D:1)
  A goblin (D:1)
12 creatures vanquished.

Vanquished Creatures (others)
  2 fungi (D:1)
2 creatures vanquished.

Grand Total: 14 creatures vanquished

Notes
Turn   | Place    | Note
-------+----------+-------------------------------------------
     0 | D:1      | crusatyr the Hill Orc Monk began the quest for the Orb.
     0 | D:1      | Reached XP level 1. HP: 19/19 MP: 1/1
   318 | D:1      | Reached XP level 2. HP: 25/26 MP: 2/2
   332 | D:1      | Found a faded altar of an unknown god.
   363 | D:1      | Prayed at the altar of an unknown god.
   363 | D:1      | Became a worshipper of Makhleb the Destroyer
   363 | D:1      | Reached * piety under Makhleb
   363 | D:1      | Reached ** piety under Makhleb
   429 | D:1      | Reached skill level 1 in Invocations
   593 | D:1      | Reached skill level 5 in Axes
   593 | D:1      | Quit the game

Illustrated notes

Levels and vault maps discovered:
D:1:      dpeg_arrival_radiant, layout_loops_ring,
          shapermc_ecumenical_altar_hornbeckon, minmay_strange_pillars

Skill      XL: |  1  2 |
---------------+-------+-----
Invocations    | 1 |  1.1
Axes           | 5 |  5.0
Fighting       | |  3.6
Dodging        | |  2.4
Stealth        | |  1.5

Action                   || total
-------------------------++-------
Melee: Hand axe          ||    34
 Stab: Sleeping          ||     2
       Distracted        ||     1
Armor: Robe              ||     7
Dodge: Dodged            ||    29

Table legend: (Time is in decaauts)
 A = Elapsed time spent in this place.
 B = Non-inter-level travel time spent in this place.
 C = Inter-level travel time spent in this place.
 D = Time resting spent in this place.
 E = Time spent auto-exploring this place.
 F = Levels seen in this place.
 G = Mean time per level.
                   A        B        C        D        E       F      G
               +--------+--------+--------+--------+--------+-----+--------+
         Total |    606 |    606 |      0 |      0 |    469 |   1 |  606.0 |
       Dungeon |    606 |    606 |      0 |      0 |    469 |   1 |  606.0 |
               +--------+--------+--------+--------+--------+-----+--------+

Top non-repeatable levels by time:
     D:1: 606 daAuts
